 Dungeon Crawl Stone Soup version 0.29.0-7-g18a832c13a (webtiles) character file.

Game seed: 6463942364492374743

72 Gabide the Trooper (level 4, -8/37 HPs)
             Began as a Mummy Berserker on Sept 1, 2022.
             Was a Believer of Trog.
             Mangled by an ogre
             ... wielding a +0 giant club
              (15 damage)
             ... on level 2 of the Dungeon.
             The game lasted 00:01:52 (1669 turns).

Gabide the Trooper (Mummy Berserker)                Turns: 1669, Time: 00:01:53

Health: -8/37      AC:  8    Str: 22    XL:     4   Next: 6%
Magic:  4/4        EV:  8    Int:  6    God:    Trog [**....]
Gold:   80         SH:  0    Dex: 11    Spells: 3/3 levels left

rFire   x . .      SeeInvis .   a - +0 mace
rCold   + . .      Faith    .   (no shield)
rNeg    + + +      Spirit   .   e - +0 chain mail
rPois   ∞          Reflect  .   (no helmet)
rElec   .          Harm     .   (no cloak)
rCorr   .          Rampage  .   (no gloves)
Will    +....                   (no boots)
Stlth   ..........              (no amulet)
HPRegen 0.12/turn               d - ring of willpower
MPRegen 0.09/turn               (no ring)

@: no status effects
A: cold resistance 1, negative energy resistance 3, torment resistance 2, heat
vulnerability 1, in touch with death 1, no potions
a: Renounce Religion, Trog's Hand


You were on level 2 of the Dungeon.
You worshipped Trog.
Trog was pleased with you.
You visited 1 branch of the dungeon, and saw 2 of its levels.

You collected 80 gold pieces.

Inventory:

Hand Weapons
 a - a +0 mace (weapon)
Armour
 b - a +0 animal skin
 e - a +0 chain mail (worn)
Jewellery
 d - a ring of willpower (left hand)
 f - a ring of ice
Scrolls
 c - a scroll of vulnerability {unknown}


   Skills:
 + Level 3.8 Fighting
 + Level 3.1 Maces & Flails
 + Level 2.0 Armour
 + Level 1.8 Dodging


You had 3 spell levels left.
You didn't know any spells.
Your spell library was empty.

Dungeon Overview and Level Annotations

Branches:
Dungeon (2/15)

Altars:

Annotations:
D:2 Sigmund


Innate Abilities, Weirdness & Mutations

You are immune to poison.
Your flesh is cold resistant. (rC+)
You are immune to negative energy. (rN+++)
You are immune to unholy pain and torment.
You are vulnerable to heat. (rF-)
You are in touch with the powers of death.
You do not drink.


Message History

Natasha claws you.
A hobgoblin comes into view.
Natasha claws you. Natasha claws you but does no damage.
Natasha attacks as you move away! Natasha closely misses you.
Natasha casts a spell at you. The magic dart hits you!
You can't drink.
Okay, then.
You sock Natasha!
Natasha is heavily wounded.
Natasha claws you.
* * * LOW HITPOINT WARNING * * *
You sock Natasha!
Natasha is almost dead.
Natasha claws you.
* * * LOW HITPOINT WARNING * * *
You closely miss Natasha.
Natasha is almost dead.
Natasha claws you.
* * * LOW HITPOINT WARNING * * *
Natasha claws you but does no damage.
You closely miss Natasha.
Natasha is almost dead.
Natasha completely misses you.
You hit Natasha but do no damage.
Natasha is almost dead.
Natasha drinks a potion.
Natasha is healed!
You sock Natasha!
You kill Natasha!
Trog accepts your kill.
Trog appreciates your killing of a magic user.
You can now call upon Trog for regeneration and willpower.
Natasha growls in agony!
Your Armour skill increases to level 2!
You have reached level 4!
The ogre attacks as you move away! The ogre barely misses you.
The ogre attacks as you move away! The ogre completely misses you.
The ogre attacks as you move away! The ogre hits you with a +0 giant club!
You die...

#........# #.#
#################
#.#
................#
#.#
###############.#
#.### #.# #...#
#.# ###.# #.# #.#
#.#######.#
#.@O......#
#########.# ###


You could see an ogre.

Vanquished Creatures
  Natasha (D:2)
  2 adders (D:2)
  A dart slug (D:2)
  5 endoplasms
  2 giant cockroaches
  3 goblins (D:1)
  3 hobgoblins
  A kobold (D:1)
  2 quokkas (D:1)
  2 ball pythons (D:1)
  A frilled lizard (D:1)
  2 rats
25 creatures vanquished.

Notes
Turn   | Place    | Note
-------+----------+-------------------------------------------
     0 | D:1      | Gabide the Mummy Berserker began the quest for the Orb.
     0 | D:1      | Reached XP level 1. HP: 18/18 MP: 1/1
    49 | D:1      | Found a faded altar of an unknown god.
   357 | D:1      | Reached XP level 2. HP: 18/24 MP: 2/2
  1383 | D:2      | Gained mutation: You are in touch with the powers of death.
                  | [Mummy growth]
  1383 | D:2      | Reached XP level 3. HP: 29/29 MP: 3/3
  1498 | D:2      | Noticed Sigmund
  1615 | D:2      | Noticed Natasha
  1617 | D:2      | Noticed an ogre
  1636 | D:2      | Killed Natasha
  1636 | D:2      | Reached ** piety under Trog
  1637 | D:2      | Reached XP level 4. HP: 3/37 MP: 4/4
  1669 | D:2      | Mangled by an ogre

Illustrated notes

Levels and vault maps discovered:
D:1:      beargit_arrival_greenhouse, layout_loops_corners,
          chequers_ecumenical_altar_simple
D:2:      layout_basic, minmay_misc_feat_columns, uniq_sigmund, uniq_natasha

Skill      XL: |  1  2  3 |
---------------+----------+-----
Maces & Flails | 3 |  3.1
Armour         | 2 |  2.0
Fighting       | |  3.8
Dodging        | |  1.8

Action                   |  1- 3 |  4- 6 || total
-------------------------+-------+-------++-------
Melee: Mace              |   101 |       ||   101
       Punch             |     1 |       ||     1
 Stab: Sleeping          |     1 |       ||     1
Armor: Animal skin       |     4 |       ||     4
       Chain mail        |    61 |       ||    61
Dodge: Dodged            |    61 |     2 ||    63
